 Dungeon Crawl Stone Soup version 0.19-a0-687-g35db334 (webtiles) character file.

19 LORDOFBUTT the Sneak (level 2, 0/15 HPs)
             Began as a Vine Stalker Assassin on June 19, 2016.
             Shot with a stone by a goblin (3 damage)
             ... led by Robin
             ... on level 2 of the Dungeon.
             The game lasted 00:00:43 (614 turns).

LORDOFBUTT the Sneak (Vine Stalker Assassin)         Turns: 614, Time: 00:00:44

Health: 0/15       AC:  3    Str: 13    XL:     2   Next: 75%
Magic:  0/3        EV: 12    Int: 11    God:
Gold:   14         SH:  0    Dex: 15    Spells: 0 memorised, 1 level left

rFire  . . .     SeeInvis .     a - +2 dagger
rCold  . . .     Gourm    .     c - +0 robe
rNeg   . . .     Faith    .     (no shield)
rPois  .         Spirit   +     (no helmet)
rElec  .         Dismiss  .     d - +0 cloak
rCorr  .         Reflect  .     (no gloves)
SustAt .         Harm     .     (no boots)
MR     .....                    (no amulet)
Stlth  +++.......               (no ring)
                                (no ring)

@: not resistant to hostile enchantments, fairly stealthy
A: fangs 2, regeneration 1, magic shield, antimagic bite, no device heal 3, rot
immunity
a: no special abilities


You were on level 2 of the Dungeon.
You were not hungry.

You visited 1 branch of the dungeon, and saw 2 of its levels.

You collected 14 gold pieces.

Inventory:

Hand Weapons
 a - a +2 dagger (weapon)
 b - a +0 blowgun
Missiles
 e - 8 poisoned needles
 f - 2 curare-tipped needles
Armour
 c - a +0 robe (worn)
 d - a +0 cloak (worn)
Jewellery
 k - an uncursed amulet of magic regeneration {unknown}
Scrolls
 l - a scroll of recharging {unknown}
 m - a scroll of fog {unknown}
Potions
 h - a potion of heal wounds {unknown}
 i - 3 potions of curing {unknown}
 j - 3 potions of lignification {unknown}
Comestibles
 g - a bread ration


   Skills:
 + Level 1.9 Fighting
 + Level 1.7 Short Blades
 + Level 1.8 Throwing
 + Level 1.0 Dodging
 * Level 5.6 Stealth


You had one spell level left.
You didn't know any spells.

Dungeon Overview and Level Annotations

Branches:
Dungeon (2/15)

Altars:

Annotations:
D:2 Robin


Innate Abilities, Weirdness & Mutations

You have extremely sharp teeth.
Your natural rate of healing is unusually fast.
When hurt, damage is shared between your health and your magic reserves.
Your bite disrupts and absorbs the magic of your enemies.
Potions and wands cannot restore your health.
You are immune to rotting.


Message History

You see here a stone.
A kobold comes into view. It is wielding a whip.
The goblin unwields an uncursed dagger.
The goblin wields an uncursed hunting sling.
The goblin shoots a stone.
The stone hits you.
You see here a stone.
The goblin shoots a stone.
The stone hits you!
* * * LOW HITPOINT WARNING * * *
You see here a stone.
The goblin shoots a stone.
The stone hits you but does no damage.
The goblin shoots a stone.
The stone hits you.
* * * LOW HITPOINT WARNING * * *
You see here 2 stones.
The goblin no longer looks unusually strong.
The goblin shoots a stone.
The stone misses you.
Found a club.
You see here a stone.
The goblin no longer looks unusually strong.
The goblin shoots a stone.
The stone hits you.
You die...

##################
.........<......#
##................
.................
#........###.....
#.....#....#..... #
#......#..## ....
##.#..@.#.....# ###
##.......###.########
+.....[.g.+...........
.
###..##...###.########.
.
#.......g##'#..........
#.#.......(.......# ...
...........g(....##...
##..........g(......K.
..............(..###'


You could see 2 goblins.

Vanquished Creatures
  2 dart slugs (D:1)
  A giant cockroach (D:1)
  2 goblins
  3 hobgoblins (D:1)
  A kobold (D:1)
  2 ball pythons
  2 bats (D:1)
  A giant newt (D:1)
14 creatures vanquished.

Notes
Turn   | Place    | Note
--------------------------------------------------------------
     0 | D:1      | LORDOFBUTT the Vine Stalker Assassin began the quest for the Orb.
     0 | D:1      | Reached XP level 1. HP: 11/11 MP: 2/2
   104 | D:1      | Reached skill level 5 in Stealth
   149 | D:1      | Reached XP level 2. HP: 15/15 MP: 3/3
   190 | D:1      | Reached skill level 1 in Dodging
   594 | D:2      | Noticed Robin
   614 | D:2      | Shot with a stone by a goblin

Vault maps used:
D:1:      dpeg_arrival_boxorama
D:2:      uniq_sigmund, uniq_crazy_yiuf_cottage, uniq_robin

Skill      XL: |  1  2 |
---------------+-------+-----
Stealth        | 5 |  5.6
Dodging        | 1 |  1.0
Fighting       | |  1.9
Short Blades   | |  1.7
Throwing       | |  1.8

Action                   || total
-------------------------++-------
Melee: Dagger            ||    22
 Stab: Sleeping          ||     8
Armor: Robe              ||     6
Dodge: Dodged            ||    10
